 Dungeon Crawl Stone Soup version 0.29-a0-338-g1ff7896281 (webtiles) character file.

Game seed: 10944921188225864205

11588 Psyclone the Frost Mage (level 11, -7/78 HPs)
             Began as an Octopode Ice Elementalist on Apr 18, 2022.
             Was an Initiate of Gozag.
             Mangled by a two-headed ogre
             ... wielding a +0 giant spiked club
              (22 damage)
             ... on level 11 of the Dungeon.
             The game lasted 00:28:43 (15092 turns).

Psyclone the Frost Mage (OpIE)                     Turns: 15092, Time: 00:28:44

Health: -7/78      AC: 14    Str:  7    XL:     11   Next: 80%
Magic:  16/31      EV: 16    Int: 23    God:    Gozag
Gold:   462        SH:  0    Dex: 12    Spells: 3/25 levels left

rFire   . . .      SeeInvis .   b - staff of cold
rCold   + + .      Faith    .   d - orb {light}
rNeg    + + +      Spirit   .   i - +2 hat
rPois   .          Reflect  .   q - amulet of the acrobat
rElec   +          Harm     .   r - ring of positive energy
rCorr   .          Rampage  .   B - ring of positive energy
Will    .....                   M - ring "Mipniroi" {rElec rC+ rN+ MP+9}
Stlth   +.........              (no ring)
HPRegen 0.23/turn               (no ring)
MPRegen 0.22/turn               (no ring)
                                (no ring)
                                (no ring)

@: ice-armoured, freezing walls, glowing
A: almost no armour, amphibious, 8 rings, camouflage 1, gelatinous body 1,
(nimble swimmer 1), tentacles
a: Renounce Religion, Potion Petition, Call Merchant, Bribe Branch


You were on level 11 of the Dungeon.
You worshipped Gozag.
Gozag was aware of your devotion.
You visited 2 branches of the dungeon, and saw 12 of its levels.
You also visited: Sewer and Bailey.

You collected 1747 gold pieces.
You spent 768 gold pieces at shops.
You paid 517 gold pieces to Gozag.

Inventory:

Hand Weapons
 a - a +3 dagger of venom
 w - a +2 hand crossbow of venom
Armour
 d - an orb of light (worn)
 i - a +2 hat (worn)
 z - a +2 kite shield of cold resistance
Magical Staves
 b - a staff of cold (weapon)
Jewellery
 q - an amulet of the acrobat (around mantle)
 r - a ring of positive energy (left tentacle)
 B - a ring of positive energy (right tentacle)
 I - a ring of ice
 M - the ring "Mipniroi" (on tentacle) {rElec rC+ rN+ MP+9}
   (You bought it in a shop on level 9 of the Dungeon)

   [ring of magical power]

   rC:        It protects you from cold.
   rElec:     It insulates you from electricity.
   rN:        It protects you from negative energy.
   MP:        It affects your magic capacity (+9).
Wands
 p - a wand of digging (7)
 u - a wand of flame (4)
 D - a wand of iceblast (11)
 G - a wand of polymorph (5)
 L - a wand of charming (4)
Scrolls
 f - 3 scrolls of holy word
 j - 2 scrolls of fog
 k - 2 scrolls of vulnerability
 n - 2 scrolls of identify {@r1}
 s - 5 scrolls of teleportation
 t - a scroll of brand weapon
 y - 3 scrolls of magic mapping
 A - a scroll of amnesia
 C - a scroll of immolation
 F - 2 scrolls of blinking
 K - a scroll of fear
Potions
 c - a potion of magic
 e - 3 potions of ambrosia
 g - a potion of curing
 h - 2 potions of haste
 l - 3 potions of attraction
 m - a potion of brilliance
 o - 3 potions of mutation
 v - a potion of resistance
 x - a potion of berserk rage
 E - a potion of cancellation
 H - a potion of flight
 J - a potion of heal wounds


   Skills:
 + Level 8.6 Fighting
 + Level 9.0 Dodging
 - Level 2.6 Stealth
 * Level 7.7 Spellcasting
 - Level 12.0 Ice Magic


You had 3 spell levels left.
You knew the following spells:

 Your Spells              Type           Power      Damage    Failure   Level
a - Freeze                Ice            100%       1d11      1%          1
b - Frozen Ramparts       Ice            100%       1d12      1%          3
c - Ozocubu's Armour      Ice            77%        N/A       1%          3
d - Hailstorm             Conj/Ice       53%        3d12      6%          4
e - Mephitic Cloud        Conj/Pois/Air  8%         N/A       22%         3
f - Freezing Cloud        Conj/Ice/Air   20%        6-21      36%         5
s - Ignite Poison         Fire/Tmut/Pois 8%         N/A       22%         3

Your spell library contained the following spells:

 Spells                   Type           Power      Damage    Failure   Level
 Ensorcelled Hibernation  Hex/Ice        100%       N/A       1%          2
 Beastly Appendage        Tmut           16%        N/A       7%          1
 Magic Dart               Conj           32%        1d4       7%          1
 Call Imp                 Summ           8%         N/A       11%         2
 Passwall                 Tmut/Erth      6%         N/A       11%         2
 Wereblood                Tmut           8%         N/A       11%         2
 Spider Form              Tmut/Pois      8%         N/A       22%         3
 Summon Guardian Golem    Hex/Summ       8%         N/A       22%         3
 Swiftness                Air            8%         N/A       22%         3
 Metabolic Englaciation   Hex/Ice        26%        N/A       17%         5
 Simulacrum               Ice/Necr       26%        N/A       67%         6
 Silence                  Hex/Air        4%         N/A       89%         5
 Spellforged Servitor     Conj/Summ      4%         N/A       100%        7


Dungeon Overview and Level Annotations

Branches:
Dungeon (11/15)            Temple (1/1) D:7            Lair (0/6) D:10
  Sewer (visited)          Bailey (visited)
    Orc: D:9-12

Altars:
Ashenzari
Cheibriados
Dithmenos
Elyvilon
Fedhas
Gozag
Hepliaklqana
Kikubaaqudgha
Makhleb
Nemelex Xobeh
Okawaru
Qazlal
Ru
Sif Muna
Trog
Uskayaw
Vehumet
Wu Jian
Xom
Yredelemnul
Zin
The Shining One

Shops:
D:9 =

Annotations:
D:9 3 runed translucent doors, CowFu's ghost, journeyman MfGl
D:11 Harold; Lodul


Innate Abilities, Weirdness & Mutations

You cannot wear most types of armour.
You are amphibious.
You can wear up to eight rings at the same time.
Your skin changes colour to match your surroundings (Stealth+).
Your rubbery body absorbs attacks. (AC +1, EV +1)
((You are camouflaged when in or above water. (Stealth+)))
You have tentacles for arms and can constrict up to eight enemies at once.


Message History

The hail pelts Harold!
Harold is moderately wounded.
The wall freezes the two-headed ogre.
The two-headed ogre hits you with a +0 giant spiked club!!!
The two-headed ogre misses you.
The wall freezes Harold!
Harold says, "Let's make it quick, okay?
I've got mouths to feed."
You take 36 damage, and have 42/78 hp.
MASSIVE DAMAGE!!
You now have 21/31 mp.
Casting: Hailstorm (dangerous; 6% risk of failure)
Confirm with . or Enter, or press ? or * to list all spells.
Casting: Hailstorm (dangerous; 6% risk of failure)
Press: ? - help, Dir - look around, f - activate You feel a surge of power!
A cannonade of hail descends around you!
The hail pelts Harold!
Harold is moderately wounded.
The wall freezes Harold!
The wall freezes the two-headed ogre!
The two-headed ogre hits you with a +0 giant spiked club!
The two-headed ogre hits you with a +0 giant club!!
* * * LOW HITPOINT WARNING * * *
You take 27 damage, and have 15/78 hp.
MASSIVE DAMAGE!!
You now have 18/31 mp.
Casting: Hailstorm (dangerous; 6% risk of failure)
Confirm with . or Enter, or press ? or * to list all spells.
Aiming: Freeze (safe; 1% risk of failure)
Press: ? - help, Shift-Dir - straight line, f - two-headed ogre
Aim: a two-headed ogre, wielding a +0 giant spiked club and a +0 giant club (heavily wounded, haloed)
You feel a surge of power!
You freeze the two-headed ogre!
The two-headed ogre is heavily wounded.
The wall freezes Harold.
You now have 17/31 mp.
Casting: Freeze (safe; 1% risk of failure)
Confirm with . or Enter, or press ? or * to list all spells.
Aiming: Freeze (safe; 1% risk of failure)
Press: ? - help, Shift-Dir - straight line, f/p - two-headed ogre
Aim: a two-headed ogre, wielding a +0 giant spiked club and a +0 giant club (heavily wounded, haloed)
You feel a surge of power!
You freeze the two-headed ogre.
The two-headed ogre is severely wounded.
The wall freezes the two-headed ogre.
The two-headed ogre hits you with a +0 giant spiked club!!
You die...
Your body crumbles into a pile of gold.

#........#
###.#####
#######.## #..
#...)# ###
###'######
#........#
+[.......#
#........#####
#........'...##
#........###.@#
#####+####
##.O@....#
####....+ ...#
... #.


You could see Harold and a two-headed ogre.

Vanquished Creatures
  5 two-headed ogres
  Erolcha (D:11)
  Pikel (D:8)
  A komodo dragon (D:10)
  2 hornets
  5 spriggans (Bailey)
  A wraith (D:8)
  7 yaks
  2 wyverns
  A steam dragon (Bailey)
  3 vampire mosquitoes (D:8)
  An acid dragon (D:9)
  3 sky beasts
  3 black bears
  2 orc warriors
  6 ogres
  2 phantoms
  A centaur (D:10)
  2 kobold brigands
  3 bullfrogs
  A necrophage (D:5)
  7 scorpions
  7 wights
  9 killer bees
  3 howler monkeys
  3 hounds
  4 jellies
  A gnoll shaman (D:8)
  6 orc priests
  Ijyb (D:3)
  5 iguanas
  6 orc wizards
  4 gnolls (D:8)
  5 adders
  2 river rats (D:3)
  A white imp (D:7)
  A worm (D:2)
  4 dart slugs
  37 orcs
  13 ball pythons
  9 bats
  15 endoplasms
  14 giant cockroaches
  8 hobgoblins
  6 jackals
  9 quokkas
  12 frilled lizards
  7 goblins
  13 kobolds
  8 rats
273 creatures vanquished.

Vanquished Creatures (others)
  3 plants (D:10)
3 creatures vanquished.

Grand Total: 276 creatures vanquished

Notes
Turn   | Place    | Note
-------+----------+-------------------------------------------
     0 | D:1      | Psyclone the Octopode Ice Elementalist began the quest for
                  | the Orb.
     0 | D:1      | Reached XP level 1. HP: 11/11 MP: 3/3
   499 | D:1      | Reached XP level 2. HP: 12/17 MP: 5/5
  1492 | D:1      | Reached XP level 3. HP: 20/21 MP: 6/6
  1638 | D:2      | Found a faded altar of an unknown god.
  1645 | D:2      | Reached skill level 5 in Ice Magic
  2214 | D:2      | Found a sacrificial altar of Ru.
  2626 | D:3      | HP: 1/21 [orc/+0 falchion (7)]
  2759 | D:3      | Reached XP level 4. HP: 17/27 MP: 7/7
  2792 | D:3      | Reached skill level 6 in Ice Magic
  2792 | D:3      | Reached XP level 5. HP: 7/31 MP: 8/8
  2803 | D:3      | Learned a level 3 spell: Frozen Ramparts
  2807 | D:3      | Learned a level 3 spell: Ozocubu's Armour
  3001 | D:3      | Found a glowing drain.
  3129 | Sewer    | Entered a sewer
  3715 | Sewer    | Reached skill level 7 in Ice Magic
  3775 | Sewer    | Reached XP level 6. HP: 23/36 MP: 5/9
  4025 | D:3      | Noticed Ijyb
  4035 | D:3      | Killed Ijyb
  4883 | D:4      | Found a bloodstained altar of Trog.
  4889 | D:4      | Found a stormy altar of Qazlal.
  4891 | D:4      | Found a shimmering blue altar of Sif Muna.
  4892 | D:4      | Found a burning altar of Makhleb.
  4898 | D:4      | Found an ancient bone altar of Kikubaaqudgha.
  4967 | D:4      | Reached skill level 8 in Ice Magic
  5052 | D:4      | Reached XP level 7. HP: 40/41 MP: 10/10
  5829 | D:4      | Found a sparkling altar of Nemelex Xobeh.
  5943 | D:5      | Entered Level 5 of the Dungeon
  5979 | D:5      | Reached skill level 9 in Ice Magic
  6170 | D:5      | Reached XP level 8. HP: 37/46 MP: 11/11
  6314 | D:5      | Found a shimmering altar of Xom.
  6324 | D:5      | Reached skill level 10 in Ice Magic
  6642 | D:5      | Noticed a yak
  6644 | D:5      | Noticed a yak
  6651 | D:5      | Noticed a yak
  6652 | D:5      | Killed a yak
  6653 | D:5      | Reached skill level 11 in Ice Magic
  6660 | D:5      | Killed a yak
  6664 | D:5      | Killed a yak
  6665 | D:5      | Reached XP level 9. HP: 44/51 MP: 1/12
  6781 | D:5      | Reached skill level 12 in Ice Magic
  6906 | D:5      | Reached skill level 1 in Fighting
  8794 | D:7      | Found a glowing silver altar of Zin.
  9104 | D:7      | Found a staircase to the Ecumenical Temple.
  9114 | Temple   | Entered the Ecumenical Temple
  9165 | Temple   | Became a worshipper of Gozag Ym Sagoz the Greedy
  9523 | D:8      | Reached skill level 5 in Dodging
  9533 | D:8      | Reached skill level 5 in Fighting
  9608 | D:8      | Reached XP level 10. HP: 31/66 MP: 7/13
  9810 | D:8      | Found a flagged portal.
  9827 | Bailey   | Entered a bailey
 10258 | Bailey   | Noticed a two-headed ogre
 10265 | Bailey   | Learned a level 4 spell: Hailstorm
 10290 | Bailey   | Killed a two-headed ogre
 10329 | Bailey   | Identified the +1 acid dragon scales of the Tanner {Will+
                  | rCorr Str+5 Dex-5}
 11238 | D:8      | Learned a level 3 spell: Mephitic Cloud
 11484 | D:8      | Noticed Pikel
 11491 | D:8      | Killed Pikel
 11492 | D:8      | Reached skill level 5 in Spellcasting
 11670 | D:8      | Reached XP level 11. HP: 62/75 MP: 10/18
 11775 | D:8      | Learned a level 3 spell: Ignite Poison
 11852 | D:8      | Found a white marble altar of Elyvilon.
 11983 | D:9      | Noticed CowFu's ghost (journeyman MfGl)
 11986 | D:9      | Noticed a centaur warrior
 11987 | D:9      | Noticed a two-headed ogre
 11989 | D:9      | Noticed a skeletal warrior
 11997 | D:9      | Found a runed translucent gate.
 11997 | D:9      | Found a runed translucent gate.
 12270 | D:9      | Found a runed translucent gate.
 12689 | D:10     | Entered Level 10 of the Dungeon
 13386 | D:10     | Got the Disquisition on Aerial Companions
 13389 | D:10     | Found a staircase to the Lair.
 13424 | D:10     | Learned a level 5 spell: Freezing Cloud
 13557 | D:10     | Found a hide-covered altar of Uskayaw.
 13639 | D:10     | Paralysed by a hornet for 1 turns
 13991 | D:10     | Identified a scroll of acquirement
 13992 | D:10     | Acquired 609 gold pieces
 14035 | D:9      | Bought the ring "Mipniroi" {rElec rC+ rN+ MP+9} for 768
                  | gold pieces
 14318 | D:11     | Noticed a two-headed ogre
 14319 | D:11     | Noticed a two-headed ogre
 14326 | D:11     | Killed a two-headed ogre
 14328 | D:11     | Killed a two-headed ogre
 14333 | D:11     | Noticed a two-headed ogre
 14342 | D:11     | Killed a two-headed ogre
 14676 | D:11     | Noticed a two-headed ogre
 14679 | D:11     | Noticed a two-headed ogre
 14680 | D:11     | Noticed Lodul
 14692 | D:10     | Killed a two-headed ogre
 14902 | D:11     | Found a bloodstained altar of Trog.
 14991 | D:11     | Noticed Erolcha
 14997 | D:11     | Killed Erolcha
 15084 | D:11     | Noticed a two-headed ogre
 15085 | D:11     | Noticed Harold
 15092 | D:11     | Mangled by a two-headed ogre

Illustrated notes

Levels and vault maps discovered:
D:1:      mrwooster_arrival_statue_3, layout_loops_ring,
          nicolae_concentric_dashed_squares_wild, minmay_octomino_j4
D:2:      layout_basic, hellmonk_ecumenical_altar_zigzags, basic_altar,
          hangedman_glass_teeth
D:3:      layout_basic, portal_sewer_entry_c, uniq_ijyb
D:4:      layout_rooms, nemelex_dance_club_becter,
          nicolae_overflow_hallway_of_the_gods, serial_corexii_hall,
          corexii_hall_statues_l, chequers_hall_statues_y,
          corexii_hall_statues_l, corexii_hall_statues_s,
          corexii_hall_statues_deadend, chequers_hall_statues_y,
          dk_noncrumbling_4, roderic_batcave
D:5:      layout_basic, dk_xom_monty_hall,
          nicolae_concentric_dashed_squares_mild
D:6:      layout_loops_corners
D:7:      layout_basic, mainiacjoe_overflow_alcove_2,
          minmay_temple_entry_drinking_statues, chequers_garden, nrook_campfire
D:8:      layout_basic, nicolae_elyvilon_peaceful_grove, enter_bailey_5,
          uniq_pikel
D:9:      layout_basic, gammafunk_ghost_split
D:10:     layout_irregular_city, nicolae_uskayaw_dance_hall,
          david_lair_shrubbed, minmay_misc_feat_square,
          nicolae_figureground_pulse
D:11:     layout_roguey, erik_orc_1, bloody_trog, uniq_erolcha, uniq_harold,
          uniq_lodul
Temple:   minmay_temple_bridge_abc

Skill      XL: |  1  2  3  4  5  6  7  8  9 10 11 |
---------------+----------------------------------+-----
Ice Magic      | 5 6 7 8 9 11 12 | 12.0
Fighting       | 5 7 8 |  8.6
Dodging        | 5 7 9 |  9.0
Spellcasting   | 5 7 |  7.7
Stealth        | |  2.6

Action                   |  1- 3 |  4- 6 |  7- 9 | 10-12 || total
-------------------------+-------+-------+-------+-------++-------
Melee: Unarmed           |    27 |       |       |       ||    27
       Tentacles         |    21 |    30 |    42 |    34 ||   127
       Constrict         |    24 |    42 |    27 |    27 ||   120
       Punch             |     2 |       |     2 |     4 ||     8
       Dagger            |    58 |   110 |   129 |    75 ||   372
       Staff             |       |       |       |    35 ||    35
 Cast: Freeze            |     7 |     3 |       |    22 ||    32
       Frozen Ramparts   |       |    12 |    30 |    33 ||    75
       Ozocubu's Armour  |       |       |    27 |    22 ||    49
       Hailstorm         |       |       |       |    10 ||    10
Invok: Call Merchant     |       |       |       |     1 ||     1
Evoke: Wand              |       |       |       |     5 ||     5
  Use: Scroll            |     1 |     7 |     9 |    11 ||    28
       Potion            |     1 |       |     4 |     3 ||     8
 Stab: Sleeping          |    10 |     1 |     2 |     1 ||    14
       Distracted        |       |       |     1 |     1 ||     2
Armor: Skin              |     6 |    18 |    25 |    22 ||    71
Dodge: Dodged            |    71 |    69 |    97 |   169 ||   406

Table legend: (Time is in decaauts)
 A = Elapsed time spent in this place.
 B = Non-inter-level travel time spent in this place.
 C = Inter-level travel time spent in this place.
 D = Time resting spent in this place.
 E = Time spent auto-exploring this place.
 F = Levels seen in this place.
 G = Mean time per level.
                   A        B        C        D        E       F      G
               +--------+--------+--------+--------+--------+-----+--------+
         Total |  15115 |  14840 |    275 |   2936 |   9354 |  14 | 1079.6 |
       Dungeon |  12802 |  12547 |    255 |   1818 |   8813 |  11 | 1163.8 |
        Temple |     71 |     51 |     20 |      0 |     28 |   1 |   71.0 |
         Sewer |    847 |    847 |      0 |    202 |    400 |   1 |  847.0 |
        Bailey |   1392 |   1392 |      0 |    916 |    113 |   1 | 1392.0 |
               +--------+--------+--------+--------+--------+-----+--------+

Top non-repeatable levels by time:
    D:10: 1863 daAuts
     D:6: 1647 daAuts
     D:1: 1629 daAuts
  Bailey: 1392 daAuts
     D:4: 1275 daAuts
     D:3: 1201 daAuts
     D:5: 1178 daAuts
     D:8: 1072 daAuts
     D:9: 1004 daAuts
     D:2: 987 daAuts
   Sewer: 847 daAuts
     D:7: 687 daAuts
    D:11: 255 daAuts
  Temple: 71 daAuts
